 Dungeon Crawl Stone Soup version 0.20-a0-823-gdec668e (webtiles) character file.

374 nikopol the Skirmisher (level 6, -1/56 HPs)
             Began as a Minotaur Berserker on Mar 5, 2017.
             Was a Priest of Trog.
             Succumbed to an orc priest's poison
             ... while paralysed
             ... on level 4 of the Dungeon.
             The game lasted 00:04:56 (2580 turns).

nikopol the Skirmisher (Minotaur Berserker)         Turns: 2580, Time: 00:04:57

Health: -1/56      AC: 10    Str: 22    XL:     6   Next: 43%
Magic:  5/5        EV:  2    Int:  4    God:    Trog [***...]
Gold:   254        SH:  0    Dex: 11    Spells: 5/5 levels left

rFire    . . .     SeeInvis .   a - +0 hand axe
rCold    + . .     Gourm    .   s - +4 ring mail {rC+}
rNeg     . . .     Faith    .   (no shield)
rPois    .         Spirit   .   (helmet restricted)
rElec    .         Reflect  .   (no cloak)
rCorr    .         Harm     .   (no gloves)
MR       .....                  (no boots)
Stlth    +.........             (no amulet)
Regen    0.2/turn               (no ring)
MPRegen  0.1/turn               (no ring)

@: paralysed, lethally poisoned (-1 -> -30), exhausted, slowed
A: retaliatory headbutt, horns 2
a: Berserk, Trog's Hand, Burn Spellbooks, Renounce Religion


You were on level 4 of the Dungeon.
You worshipped Trog.
Trog was most pleased with you.
You were hungry.

You visited 1 branch of the dungeon, and saw 4 of its levels.

You collected 254 gold pieces.

Inventory:

Hand Weapons
 a - a +0 hand axe (weapon)
Armour
 b - a +0 animal skin
 e - a +0 leather armour
 o - a +0 ring mail
 s - a +4 ring mail of cold resistance (worn)
Jewellery
 n - a cursed -4 ring of strength {unknown}
 w - an uncursed ring of ice {unknown}
Scrolls
 d - 3 scrolls of enchant weapon {unknown}
 g - 5 scrolls of remove curse {unknown}
 i - a scroll of immolation {unknown}
 j - 4 scrolls of teleportation {unknown}
 m - 3 scrolls of identify {unknown}
 t - 2 scrolls of amnesia {unknown}
 y - a scroll of enchant armour {unknown}
Potions
 h - a potion of mutation {unknown}
 k - a potion of curing {unknown}
 l - a potion of agility {unknown}
 p - a potion of flight {unknown}
 q - a potion of heal wounds {unknown}
 r - a potion of cancellation {unknown}
 u - 2 potions of might {unknown}
 x - a potion of haste {unknown}
Comestibles
 c - a bread ration
 f - a royal jelly
 v - a chunk of flesh


   Skills:
 + Level 5.4 Fighting
 + Level 5.2 Axes
 + Level 4.7 Armour
 + Level 4.1 Dodging


You had 5 spell levels left.
You didn't know any spells.

Dungeon Overview and Level Annotations

Branches:
Dungeon (4/15)             Temple (0/1) D:4

Altars:
Hepliaklqana
Qazlal


Innate Abilities, Weirdness & Mutations

You reflexively headbutt those who attack you in melee.
You have a pair of horns on your head.


Message History

* * * LOW HITPOINT WARNING * * *
You feel sick.
* * * LOW HITPOINT WARNING * * *
You feel sick.
Things that are here:
a trident of venom; a ring mail; an orc corpse You butcher the orc corpse.
You feel a strong urge to attack something.
* * * LOW HITPOINT WARNING * * *
You feel sick.
Items here: % ) [ รท a trident of venom; a ring mail; 4 chunks of flesh; an orc skeleton
* * * LOW HITPOINT WARNING * * *
You feel sick.
A jackal comes into view.
You see here a whip.
You feel your anger subside.
You are no longer berserk.
You pass out from exhaustion.
You feel yourself slow down.
You die...

. ##. ##..##..###.#
.##.#(. .#........#..#
....#..# ##............##
...... .#..............
....(#h.#........###.. #.
#....###........###..
#...##.#)##.....>....###.
#......))............# #.
........@..#........####.
...........##..##..##....
#...........#......#####.
##.......?..#......# #.
###........##.##.######.
#.....................
#........###.#...####.
#........# #..##..###.
##...#...#.


You could see a jackal (wandering).

Vanquished Creatures
  The ghost of dondy the Sneak, an amateur VSAs of Fedhas (D:3)
  An orc priest (D:4)
  An orc wizard (D:4)
  Ijyb (D:2)
  Terence (D:2)
  A worker ant (D:4)
  A hound skeleton (D:4)
  4 adders
  4 worms (D:3)
  2 dart slugs
  3 leopard geckos
  3 orcs
  2 ball pythons
  A giant cockroach (D:2)
  8 goblins
  2 hobgoblins (D:2)
  9 jackals
  2 quokkas
  12 bats
  4 frilled lizards
  5 kobolds
  5 rats
73 creatures vanquished.

Notes
Turn   | Place    | Note
-------+----------+-------------------------------------------
     0 | D:1      | nikopol the Minotaur Berserker began the quest for the Orb.
     0 | D:1      | Reached XP level 1. HP: 19/19 MP: 0/0
   722 | D:2      | Reached XP level 2. HP: 27/27 MP: 1/1
   833 | D:2      | Reached XP level 3. HP: 26/33 MP: 2/2
  1132 | D:2      | Noticed Terence
  1138 | D:2      | Killed Terence
  1138 | D:2      | Reached XP level 4. HP: 41/41 MP: 3/3
  1177 | D:2      | Reached ** piety under Trog
  1185 | D:2      | Noticed Ijyb
  1198 | D:2      | Killed Ijyb
  1521 | D:3      | Found a stormy altar of Qazlal.
  1662 | D:3      | Noticed dondy's ghost (amateur VSAs)
  1668 | D:3      | Killed dondy's ghost
  1668 | D:3      | Reached skill level 5 in Fighting
  1668 | D:3      | Reached XP level 5. HP: 48/48 MP: 4/4
  1917 | D:3      | Reached skill level 5 in Axes
  2004 | D:3      | Found a hazy altar of Hepliaklqana.
  2135 | D:3      | Reached *** piety under Trog
  2386 | D:4      | Found a staircase to the Ecumenical Temple.
  2393 | D:4      | Reached XP level 6. HP: 48/56 MP: 5/5
  2577 | D:4      | HP: 3/84 [poisoned by an orc priest]
  2578 | D:4      | HP: 1/84 [poisoned by an orc priest]
  2580 | D:4      | Succumbed to an orc priest's poison

Vault maps used:
D:1:      dpeg_arrival_round_b
D:2:      uniq_terence, uniq_iyjb
D:3:      nicolae_overflow_crystal_walls, lemuel_round_altar
D:4:      overflow_temple_1_default, chequers_temple_overflow_statue_of_worship,
          temple_fountains, st_stairs_5

Skill      XL: |  1  2  3  4  5  6 |
---------------+-------------------+-----
Fighting       | 4 5 |  5.4
Axes           | 4 5 |  5.2
Armour         | 3 4 |  4.7
Dodging        | 3 4 |  4.1

Action                   |  1- 3 |  4- 6 || total
-------------------------+-------+-------++-------
Melee: Hand axe          |    66 |   112 ||   178
       Headbutt          |    10 |    23 ||    33
Invok: Berserk           |     1 |     2 ||     3
  Eat: Chunk             |     1 |     6 ||     7
Armor: Leather armour    |    10 |       ||    10
       Animal skin       |     1 |       ||     1
       Ring mail         |    12 |    55 ||    67
Dodge: Dodged            |    58 |    60 ||   118
